 Dungeon Crawl Stone Soup version 0.25.1-4-g9407a263a5 (webtiles) character file.

Game seed: 17113258687102460134

131302 Clowwww the Severer (level 16, -12/131 HPs)
             Began as a Demonspawn Berserker on Nov 29, 2020.
             Was the Champion of Trog.
             Mangled by Donald
             ... wielding a +0 vorpal scimitar
              (35 damage)
             ... on level 3 of the Spider Nest.
             The game lasted 01:56:22 (30319 turns).

Clowwww the Severer (Demonspawn Berserker)         Turns: 30319, Time: 01:56:23

Health: -12/131    AC: 26    Str: 24    XL:     16   Next: 55%
Magic:  16/16      EV:  9    Int:  8    God:    Trog [******]
Gold:   2510       SH:  0    Dex: 19    Spells: 15/15 levels left

rFire    . . .     SeeInvis +   t - +5 executioner's axe (flame)
rCold    + + +     Gourm    .   (shield currently unavailable)
rNeg     . . .     Faith    .   s - +5 ring mail {MR+}
rPois    +         Spirit   .   e - +2 helmet {SInv}
rElec    +         Reflect  +   o - +2 cloak
rCorr    +         Harm     .   v - +2 pair of gloves {Str+3}
MR       +++++                  (boots unavailable)
Stlth    +++++.....             W - amulet of Jealousy {Reflect rF- rC+++ MR+ Dex+5 SH+5}
HPRegen  0.31/turn              T - ring "Riys" {*Contam rElec MR++ rCorr Stlth+}
MPRegen  0.15/turn              j - ring "Jezxaikh" {Wiz rPois MR++ Str-3 Stlth+}

@: held
A: hooves 3, molten scales 3, powered by pain 2, spiny 2
a: Berserk, Trog's Hand, Brothers in Arms, Renounce Religion


You were on level 3 of the Spider Nest.
You worshipped Trog.
Trog was exalted by your worship.
You were not hungry.

You visited 3 branches of the dungeon, and saw 24 of its levels.
You also visited: Gauntlet.

You collected 2990 gold pieces.
You spent 480 gold pieces at shops.

Inventory:

Hand Weapons
 t - a +5 executioner's axe of flaming (weapon)
 B - the +11 flail "Banisher" {vamp, Str+4}
   (You found it on level 3 of the Lair of Beasts)

   It inflicts no extra harm, but heals its wielder when it wounds a living foe.
   It affects your strength (+4).
 H - a +4 antimagic battleaxe
 I - a +6 vorpal battleaxe
 S - a +6 antimagic battleaxe
Missiles
 a - 13 javelins
 i - a throwing net
 K - 5 boomerangs (quivered)
Armour
 e - a +2 helmet of see invisible (worn)
 o - a +2 cloak (worn)
 s - a +5 ring mail of magic resistance (worn)
 v - a +2 pair of gloves of strength (worn)
Jewellery
 b - an uncursed amulet of regeneration {unknown}
 j - the ring "Jezxaikh" (right hand) {Wiz rPois MR++ Str-3 Stlth+}
   (You found it on level 1 of the Lair of Beasts)

   [ring of wizardry]

   It improves your spell success rate.
   It affects your strength (-3).
   It protects you from poison.
   It affects your resistance to hostile enchantments.
   It makes you more stealthy.
 M - the ring "Seharghir" {rF+ rN++ Int+3 Dex+6 Slay-4}
   (You found it in a Gauntlet)

   [ring of dexterity]

   It affects your intelligence (+3).
   It affects your dexterity (+6).
   It affects your accuracy and damage with ranged weapons and melee attacks
   (-4).
   It protects you from fire.
   It greatly protects you from negative energy.
 T - the ring "Riys" (left hand) {*Contam rElec MR++ rCorr Stlth+}
   (You found it in a Gauntlet)

   [ring of resist corrosion]

   It insulates you from electricity.
   It affects your resistance to hostile enchantments.
   It causes magical contamination when unequipped.
   It provides partial protection from all sources of acid and corrosion.
   It makes you more stealthy.
 W - the amulet of Jealousy (around neck) {Reflect rF- rC+++ MR+ Dex+5 SH+5}
   (You took it off a minotaur in a Gauntlet)

   [amulet of reflection]

   It shields you and reflects attacks.
   It affects your dexterity (+5).
   It makes you vulnerable to fire.
   It renders you almost immune to cold.
   It affects your resistance to hostile enchantments.
   It affects your SH (+5).
Wands
 q - a wand of paralysis (6)
 C - a wand of digging (4)
 G - a wand of polymorph (16)
 J - a wand of clouds (3)
 N - a wand of disintegration (52)
 U - a wand of iceblast (34)
 V - a wand of enslavement (13)
Scrolls
 d - 4 scrolls of identify
 g - 17 scrolls of teleportation
 l - 3 scrolls of fog
 n - 11 scrolls of remove curse
 p - a scroll of enchant weapon
 u - 4 scrolls of enchant armour
 x - a scroll of fear
 A - a scroll of summoning
 D - a scroll of silence
 F - 2 scrolls of magic mapping
 Y - a scroll of blinking
Potions
 f - 2 potions of berserk rage
 h - 8 potions of flight
 k - a potion of resistance
 m - 5 potions of stabbing
 r - 6 potions of might
 w - 3 potions of cancellation
 z - a potion of heal wounds
 E - 2 potions of curing
 O - a potion of ambrosia
 P - 3 potions of haste
 R - a potion of invisibility
Miscellaneous
 y - a phantom mirror
Comestibles
 c - 49 rations


   Skills:
 + Level 13.3 Fighting
 + Level 19.1 Axes
 + Level 5.5 Throwing
 + Level 8.5 Armour
 + Level 8.4 Dodging
 + Level 8.6 Stealth
 + Level 0.4 Evocations


You had 15 spell levels left.
You didn't know any spells.
Your spell library was empty.

Dungeon Overview and Level Annotations

Branches:
Dungeon (15/15)            Temple (0/1) D:4            Lair (6/6) D:9
  Swamp (0/4) Lair:3       Spider (3/4) Lair:2        Slime (0/5) Lair:6
    Orc (0/2) D:11         Vaults (0/5) D:13         Depths (0/5) D:15
Gauntlet (visited)

Altars:
Ashenzari
Elyvilon
Fedhas
Gozag
Kikubaaqudgha
Makhleb
Nemelex Xobeh
Vehumet
Yredelemnul
The Shining One

Shops:
D:6 :   D:11 ([   D:14 (   D:15 [

Portals:
Trove: D:12 (give +5 fire dragon scales)

Annotations:
Spider:3 Donald


Innate Abilities, Weirdness & Mutations

You have hooves in place of feet.
You are completely covered in molten scales. (AC +4, rF+)
You sometimes gain power by taking damage.
You are mostly covered in sharp spines.


Message History

a redback corpse x2; a wolf spider corpse You see here a tarantella corpse.
The orb of destruction hits you!
You see here a jumping spider corpse.
The orb spider weaves a glowing orb of energy.
An orb of destruction comes into view.
The orb spider pulsates with a strange energy.
Donald mumbles some strange words.
Donald seems to speed up.
You see here a runed flail.
The orb of destruction hits you!!!
* * * LOW HITPOINT WARNING * * *
You feel much better.
The orb spider weaves a glowing orb of energy.
The orb of destruction hits a rock wall.
You are caught in the web!
There is a web here.
You struggle to detach yourself from the web.
Donald hits you with a +0 vorpal scimitar!!
You die...

@.@...... ###.##
#..@†###....# #††#....##
##††....# ###s...##
##.#)...#### #.....####.##
##### #....####...# ##.#.##
##^..##@.<.######.....##
######...@........#....^...
#..#.##....................
#.....#...................#
#.....#............|......#
##.....##...................
#....^##...................#
##...##....................#
#..####........^..........##


You could see Donald (fast, strong).

Vanquished Creatures
  Arachne (Spider:3)
  Agnes (D:14)
  Frances (D:12)
  Kirke (Lair:4)
  An emperor scorpion (Spider:2)
  3 entropy weavers
  A spark wasp (Spider:3)
  The ghost of Exutel the Blocker, a journeyman GnFi of Okawaru (Lair:5)
  Azrael (D:12)
  A minotaur (Gauntlet)
  An ettin (D:15)
  A dire elephant (Gauntlet)
  A vault guard (D:13)
  A rakshasa (D:15)
  9 hydras
  2 centaur warriors
  An ogre mage (D:15)
  A catoblepas (Lair:6)
  A queen ant (Spider:1)
  9 two-headed ogres
  3 death yaks (Lair:6)
  3 tengu warriors
  A deep elf knight (D:15)
  3 unseen horrors
  2 lindwurms (Lair:6)
  2 wizards (D:13)
  An orc knight (D:15)
  An orc sorcerer (D:15)
  7 ugly things
  10 wolf spiders
  8 orb spiders
  3 deep elf magi
  An oklob plant (Lair:1)
  5 cyclopes
  4 black mambas (Lair:6)
  2 manticores (D:14)
  5 elephants
  A torpor snail (Lair:6)
  2 gargoyles
  14 spiny frogs
  3 rime drakes (Lair:6)
  4 kobold demonologists
  2 efreet (D:15)
  8 komodo dragons
  11 demonic crawlers
  A troll (shapeshifter) (D:15)
  15 jumping spiders
  A tengu conjurer (D:15)
  A queen bee (Lair:1)
  4 trolls
  A tyrant leech (Lair:3)
  4 hornets
  10 blink frogs
  2 dream sheep (Lair:6)
  9 hippogriffs
  8 slime creatures
  10 polar bears (Lair:6)
  2 meliai zombies
  12 flying skulls (Gauntlet)
  31 redbacks
  3 fire elementals (D:12)
  2 hogs (Lair:4)
  5 shadows
  A wyvern (D:13)
  3 wraiths
  3 basilisks
  21 tarantellas
  38 yaks
  22 humans (D:13)
  10 vampire mosquitoes
  5 hungry ghosts
  Edmund (D:4)
  4 wargs (Lair:6)
  26 soldier ants
  5 swamp worms (Lair:3)
  20 hell hounds
  An acid dragon (D:13)
  6 water moccasins
  11 porcupines
  12 black bears
  4 sky beasts
  Purgy (D:3)
  13 orc warriors
  An eye of draining (D:13)
  7 ice beasts
  2 phantoms
  10 ogres
  4 boggarts (D:14)
  28 wolves
  11 centaurs
  16 crocodiles
  9 big kobolds
  18 bullfrogs
  A wyvern zombie (D:9)
  4 scorpions
  28 killer bees
  15 wights
  4 electric eels
  5 crimson imps
  A bullfrog zombie (D:13)
  5 howler monkeys
  A lava snake (Lair:2)
  2 quasits
  Crazy Yiuf (D:3)
  12 jellies
  11 orc priests
  5 centaur skeletons
  5 hounds
  20 orc wizards
  4 bullfrog skeletons
  Natasha (D:3)
  7 iguanas
  7 hell rats (Lair:5)
  25 worker ants
  A killer bee zombie (D:7)
  4 gnolls
  7 adders
  5 shadow imps
  8 oozes
  3 adder skeletons
  3 worms
  A dart slug (D:2)
  6 leopard geckos
  57 orcs
  A bat (D:1)
  A giant cockroach (D:3)
  5 goblins
  6 hobgoblins
  12 jackals
  5 quokkas
  A ball python (D:3)
  5 frilled lizards
  26 kobolds
  10 rats
  4 plants
914 creatures vanquished.

Vanquished Creatures (others)
  5 fungi
  13 plants
18 creatures vanquished.

Grand Total: 932 creatures vanquished

Notes
Turn   | Place    | Note
-------+----------+-------------------------------------------
     0 | D:1      | Clowwww the Demonspawn Berserker began the quest for the
                  | Orb.
     0 | D:1      | Reached XP level 1. HP: 18/18 MP: 1/1
   497 | D:1      | Gained mutation: You are partially covered in molten
                  | scales. (AC +2) [demonic ancestry]
   497 | D:1      | Reached XP level 2. HP: 21/24 MP: 2/2
   498 | D:1      | Reached skill level 3 in Axes
  1278 | D:2      | Reached ** piety under Trog
  1278 | D:2      | Gained mutation: You have large cloven feet. [demonic
                  | ancestry]
  1278 | D:2      | Reached XP level 3. HP: 20/29 MP: 3/3
  1650 | D:2      | Found a blossoming altar of Fedhas.
  1652 | D:2      | Found an ancient bone altar of Kikubaaqudgha.
  1854 | D:3      | Found a glowing golden altar of the Shining One.
  1889 | D:3      | Found a runed translucent door.
  1890 | D:3      | Noticed Crazy Yiuf
  1896 | D:3      | Killed Crazy Yiuf
  1896 | D:3      | Gained mutation: You are partially covered in sharp spines.
                  | [demonic ancestry]
  1896 | D:3      | Reached XP level 4. HP: 37/37 MP: 4/4
  2279 | D:3      | Noticed Purgy
  2290 | D:3      | Killed Purgy
  2290 | D:3      | Reached skill level 4 in Axes
  2290 | D:3      | Reached skill level 1 in Stealth
  2290 | D:3      | Reached XP level 5. HP: 42/42 MP: 5/5
  2471 | D:3      | Found a basalt altar of Yredelemnul.
  2502 | D:3      | Noticed Natasha
  2513 | D:3      | Killed Natasha
  2547 | D:3      | Gained mutation: You have hoof-like feet. [demonic
                  | ancestry]
  2547 | D:3      | Reached XP level 6. HP: 10/48 MP: 6/6
  2548 | D:3      | HP: 1/72 [gnoll/+0 spear (10)]
  3195 | D:4      | Reached skill level 5 in Axes
  3339 | D:4      | Found a shattered altar of Ashenzari.
  3342 | D:4      | Noticed Edmund
  3356 | D:4      | Killed Edmund
  3356 | D:4      | Reached XP level 7. HP: 36/55 MP: 7/7
  3572 | D:4      | Reached *** piety under Trog
  3657 | D:4      | Reached skill level 6 in Axes
  3999 | D:4      | Found a staircase to the Ecumenical Temple.
  4065 | D:5      | Entered Level 5 of the Dungeon
  4084 | D:5      | Gained mutation: You are mostly covered in sharp spines.
                  | [demonic ancestry]
  4084 | D:5      | Reached XP level 8. HP: 61/61 MP: 8/8
  4133 | D:5      | Found a radiant altar of Vehumet.
  4234 | D:5      | Found an opulent altar of Gozag.
  4786 | D:6      | Reached skill level 7 in Axes
  5215 | D:6      | Found Lyme's Book Boutique.
  5449 | D:7      | Reached skill level 5 in Fighting
  5534 | D:7      | Reached skill level 8 in Axes
  5713 | D:7      | Found a glowing golden altar of the Shining One.
  5772 | D:7      | Gained mutation: You sometimes gain a little power by
                  | taking damage. [demonic ancestry]
  5772 | D:7      | Reached XP level 9. HP: 68/68 MP: 9/9
  5775 | D:7      | Reached **** piety under Trog
  5781 | D:7      | Reached skill level 5 in Stealth
  5847 | D:7      | Found a white marble altar of Elyvilon.
  6208 | D:8      | Noticed a two-headed ogre
  6220 | D:8      | Killed a two-headed ogre
  6220 | D:8      | Reached skill level 9 in Axes
  6220 | D:8      | Reached skill level 1 in Throwing
  6308 | D:8      | Noticed a two-headed ogre
  6323 | D:8      | Killed a two-headed ogre
  6325 | D:8      | Reached XP level 10. HP: 28/76 MP: 10/10
  6661 | D:8      | Found a sparkling altar of Nemelex Xobeh.
  6665 | D:8      | Reached skill level 10 in Axes
  6813 | D:8      | Found a burning altar of Makhleb.
  7309 | D:9      | Found a staircase to the Lair.
  7518 | D:9      | Reached skill level 5 in Dodging
  7740 | D:9      | Reached skill level 11 in Axes
  7771 | D:9      | Reached ***** piety under Trog
  8333 | D:10     | Entered Level 10 of the Dungeon
  8561 | D:10     | Gained mutation: You sometimes gain power by taking damage.
                  | [demonic ancestry]
  8561 | D:10     | Reached XP level 11. HP: 62/84 MP: 11/11
  9091 | D:10     | Reached skill level 5 in Armour
 10243 | D:11     | Noticed a soul eater
 10245 | D:11     | Noticed a soul eater
 10409 | D:11     | Noticed a centaur warrior
 10422 | D:11     | Killed a centaur warrior
 10422 | D:11     | Reached skill level 12 in Axes
 10634 | D:11     | Received a gift from Trog
 11335 | D:11     | Found Ijymyurph's Armour Shoppe.
 11337 | D:11     | Found a staircase to the Orcish Mines.
 11339 | D:11     | Found Uxanusi's Weapon Shoppe.
 11372 | D:11     | Bought a +0 helmet of see invisible for 115 gold pieces
 11538 | D:12     | Noticed a white ugly thing
 11548 | D:12     | Killed a white ugly thing
 11898 | D:12     | Noticed an unseen horror
 11906 | D:12     | Killed an unseen horror
 11908 | D:12     | Gained mutation: You are mostly covered in molten scales.
                  | (AC +3) [demonic ancestry]
 11908 | D:12     | Reached XP level 12. HP: 93/94 MP: 12/12
 12017 | D:12     | Noticed Azrael
 12034 | D:12     | Reached skill level 13 in Axes
 12040 | D:12     | Killed Azrael
 12280 | D:12     | Received a gift from Trog
 12343 | D:12     | Noticed Frances
 12361 | D:12     | Killed Frances
 13232 | D:12     | Found a portal to a secret trove of treasure.
 13282 | D:12     | Reached skill level 14 in Axes
 13847 | D:13     | Noticed a four-headed hydra
 13860 | D:13     | Killed a one-headed hydra
 14019 | D:13     | Noticed a tengu warrior
 14030 | D:13     | Killed a tengu warrior
 14468 | D:13     | Reached XP level 13. HP: 103/103 MP: 13/13
 14486 | D:13     | Received a gift from Trog
 14590 | D:13     | Reached skill level 10 in Fighting
 14601 | D:13     | Found a gate to the Vaults.
 15143 | D:14     | Reached skill level 15 in Axes
 15155 | D:14     | Noticed Agnes
 15166 | D:14     | HP: 6/154 [Agnes/+0 lajatang (24)]
 15167 | D:14     | Killed Agnes
 15593 | D:14     | Found Giosh's Weapon Shoppe.
 16058 | D:14     | Reached ****** piety under Trog
 16058 | D:14     | Received a gift from Trog
 16640 | D:15     | Entered Level 15 of the Dungeon
 16927 | D:15     | Gained mutation: You have hooves in place of feet. [demonic
                  | ancestry]
 16927 | D:15     | Reached XP level 14. HP: 104/111 MP: 4/14
 17121 | D:15     | Reached skill level 16 in Axes
 17223 | D:15     | Found Muusymuy's Armour Shoppe.
 17237 | D:15     | Bought a +2 helmet of see invisible for 365 gold pieces
 17579 | D:15     | Found a staircase to the Depths.
 18779 | Lair:1   | Entered Level 1 of the Lair of Beasts
 18781 | Lair:1   | Got a glittering turquoise ring
 18783 | Lair:1   | Identified the ring "Jezxaikh" {Wiz rPois MR++ Str-3
                  | Stlth+} (You found it on level 1 of the Lair of Beasts)
 18835 | Lair:1   | Received a gift from Trog
 20008 | Lair:2   | Found a hole to the Spider Nest.
 20073 | Lair:2   | You fall into a shaft and drop 1 floor!
 20105 | Lair:3   | Got a transparent flail
 20106 | Lair:3   | Identified the +11 flail "Banisher" {vamp, Str+4} (You
                  | found it on level 3 of the Lair of Beasts)
 20602 | Lair:2   | Reached skill level 17 in Axes
 22046 | Lair:3   | Found a staircase to the Swamp.
 22571 | Lair:4   | Got a faintly glowing robe
 22594 | Lair:4   | Identified the cursed +1 robe of the Lotus Blossom {+Inv}
                  | (You found it on level 4 of the Lair of Beasts)
 22683 | Lair:4   | Noticed Kirke
 22699 | Lair:4   | Killed Kirke
 22869 | Lair:4   | Identified a scroll of acquirement
 22871 | Lair:4   | Acquired the ring of Trepidation {rC+ rCorr}
 23656 | Lair:5   | Found a gate leading to a gauntlet.
 23669 | Gauntlet | Entered a Gauntlet
 23669 | Gauntlet | Found a transporter.
 23669 | Gauntlet | Found a transporter.
 23669 | Gauntlet | Found a transporter.
 23700 | Gauntlet | Found a transporter.
 23703 | Gauntlet | Found a transporter.
 23703 | Gauntlet | Found a transporter.
 23713 | Gauntlet | Found a transporter.
 23717 | Gauntlet | Found a transporter.
 23727 | Gauntlet | Found a transporter.
 23829 | Gauntlet | Found a transporter.
 23833 | Gauntlet | Found a transporter.
 23843 | Gauntlet | Found a transporter.
 23914 | Gauntlet | Gained mutation: You are completely covered in molten
                  | scales. (AC +4, rF+) [demonic ancestry]
 23914 | Gauntlet | Reached XP level 15. HP: 113/120 MP: 15/15
 23980 | Gauntlet | Got a crude jade ring
 23981 | Gauntlet | Identified the ring "Seharghir" {rF+ rN++ Int+3 Dex+6
                  | Slay-4} (You found it in a Gauntlet)
 24015 | Gauntlet | Got a bound lead ring
 24017 | Gauntlet | Identified the ring "Riys" {*Contam rElec MR++ rCorr
                  | Stlth+} (You found it in a Gauntlet)
 24039 | Gauntlet | Identified the amulet of Jealousy {Reflect rF- rC+++ MR+
                  | Dex+5 SH+5}
 24389 | Gauntlet | Got a coiled lead ring
 24553 | Lair:5   | Found a runed translucent gate.
 24553 | Lair:5   | Found a runed translucent gate.
 24553 | Lair:5   | Found a runed translucent gate.
 24556 | Lair:5   | Noticed Exutel's ghost (journeyman GnFi)
 24597 | Lair:5   | Killed Exutel's ghost
 25106 | Lair:5   | Identified the ring "Wuhedewi" {rC+ SInv} (You found it in
                  | a Gauntlet)
 25732 | Lair:6   | Entered Level 6 of the Lair of Beasts
 25949 | Lair:6   | Found a staircase to the Slime Pits.
 26469 | Lair:6   | Reached skill level 18 in Axes
 26710 | Lair:6   | Acquired 860 gold pieces
 26990 | Lair:6   | Received a gift from Trog
 27641 | Spider:1 | Entered Level 1 of the Spider Nest
 27996 | Spider:1 | Received a gift from Trog
 28381 | Spider:1 | Reached XP level 16. HP: 129/129 MP: 16/16
 29444 | Spider:2 | Reached skill level 5 in Throwing
 30024 | Spider:3 | Noticed Arachne
 30040 | Spider:3 | Killed Arachne
 30040 | Spider:3 | Reached skill level 19 in Axes
 30289 | Spider:3 | Received a gift from Trog
 30305 | Spider:3 | Noticed Donald
 30312 | Spider:3 | HP: 4/131 [disintegration (57)]
 30319 | Spider:3 | Mangled by Donald

Illustrated notes

Levels and vault maps discovered:
D:1:      eino_arrival_cavern_c, layout_basic
D:2:      layout_rooms, grunt_temple_overflow_growth_and_decay,
          kennysheep_donut, cheibrodos_gnoll_hut
D:3:      layout_basic, lemuel_coloured_pillars_altar,
          nicolae_tso_swordbearing_angel, uniq_purgy, uniq_natasha,
          uniq_crazy_yiuf_cottage
D:4:      layout_rooms, nicolae_overflow_crystal_walls,
          minmay_temple_entry_nine_rooms, first_ration, uniq_edmund
D:5:      layout_basic, nicolae_overflow_hidden_temple, kennysheep_mini
D:6:      layout_layer_cave, serial_shops, shop, minmay_misc_feat_x
D:7:      layout_rooms, kennysheep_little_box, basic_altar
D:8:      layout_cave_pools, lemuel_crystal_altar, lightli_temple_of_fire
D:9:      layout_roguey, minmay_lair_entry_grove, serial_curves, eino_curves_03,
          eino_curves_01
D:10:     layout_grid_maze
D:11:     layout_gridville, orc_david_3, grunt_ministairs_5
D:12:     layout_stronghold, nicolae_trove_entry_columns,
          hangedman_little_slice_of_home, uniq_frances, uniq_azrael
D:13:     kennysheep_tiny_hell, layout_basic, grunt_vaults_entry_tiered
D:14:     layout_roguey, infiniplex_staircase_zigzag_3, serial_shops,
          shop_statue, hangedman_abyss_or_decor_slice, uniq_agnes
D:15:     hangedman_depths_entry_civil_slaughter, layout_small_grid,
          serial_shops, nicolae_shop_waterfront
Lair:1:   layout_long_grid, special_room [special_room_bee],
          beast_lair_carwin_4, minmay_lair_oklob_chamber
Lair:2:   layout_gridlike, spider_nest_entry_rubble
Lair:3:   layout_regular_city, palyth_hydra_swamp_entry, grunt_megastairs_3
Lair:4:   layout_gridlike, grunt_megastairs_5, lemuel_fruit_tree,
          serial_bayou_shore_a, uniq_kirke
Lair:5:   layout_layer_cave, ebering_ghost_rock_garden, gauntlet_entry_generic,
          hangedman_lair_unloving_vines
Lair:6:   hangedman_lair_in_review, layout_regular_city,
          hangedman_lair_caniforms_friends, minmay_slime_entry_pillars,
          lookout_lair_type
Spider:1: layout_spider_delve, minivault_29
Spider:2: layout_spider_delve, drop_trap, nicolae_spider_cling_ruins
Spider:3: layout_spider_delve, uniq_donald, uniq_arachne

Skill      XL: |  1  2  3  4  5  6  7  8  9 10 11 12 13 14 15 16 |
---------------+-------------------------------------------------+-----
Axes           | 3 4 5 6 8 9 11 12 14 15 17 18 19 | 19.1
Dodging        | 2 3 4 5 6 7 8 |  8.4
Stealth        | 1 2 3 4 5 6 7 8 |  8.6
Fighting       | 4 5 6 7 8 9 10 12 13 | 13.3
Armour         | 2 3 4 5 6 7 8 |  8.5
Throwing       | 1 2 3 4 5 |  5.5
Evocations     | |  0.4

Action                   |  1- 3 |  4- 6 |  7- 9 | 10-12 | 13-15 | 16-18 || total
-------------------------+-------+-------+-------+-------+-------+-------++-------
Melee: Hand axe          |    91 |    37 |       |       |       |       ||   128
       Kick              |    13 |    15 |    16 |       |   199 |    73 ||   316
       War axe           |       |    16 |   132 |   244 |       |       ||   392
       Battleaxe         |       |       |       |   213 |   247 |       ||   460
       Executioner's axe |       |       |       |     3 |   489 |   176 ||   668
Throw: Throwing net      |       |     3 |     2 |       |       |       ||     5
       Boomerang         |       |       |       |     5 |   105 |    59 ||   169
       Dart              |       |       |       |     5 |       |       ||     5
       Javelin           |       |       |       |       |       |     4 ||     4
Invok: Berserk           |     1 |     3 |     2 |     4 |     6 |     2 ||    18
       Trog's Hand       |       |     1 |       |     1 |     1 |       ||     3
Evoke: Wand              |       |       |       |       |     2 |       ||     2
  Use: Scroll            |       |    12 |     5 |     7 |    22 |     2 ||    48
       Potion            |       |       |       |     3 |       |     2 ||     5
 Stab: Sleeping          |     1 |     1 |     7 |    12 |    24 |     2 ||    47
       Held in net/web   |       |     2 |     1 |       |       |       ||     3
       Distracted        |       |       |     1 |       |     1 |     1 ||     3
       Confused          |       |       |       |       |     2 |       ||     2
  Eat: Chunk             |     3 |     7 |     9 |    32 |    39 |     3 ||    93
       Ration            |       |       |     1 |     1 |     3 |     2 ||     7
Armor: Animal skin       |    19 |    16 |     8 |       |       |       ||    43
       Ring mail         |       |       |    38 |   203 |   384 |   135 ||   760
Dodge: Dodged            |    49 |    31 |    59 |   334 |   662 |   174 ||  1309
Block: Other             |       |       |       |       |   108 |    53 ||   161
